3AA
ASHEVILLE HIGHLANDERS @ BILLINGS POLAR BEARS
07/05/2042
 
TOP OF THE 1ST
Asheville Highlanders batting - Pitching for Billings Polar Bears : RHP Peter Kossan
Pitching: RHP Peter Kossan
Batting: RHB Tikaroa Hakapuna 0-0: Ball
1-0: Foul Ball, location: 2F
1-1: Ball
2-1: DOUBLE (Flyball, 8LD, EV 90.6 MPH)
Pinch Runner at 2nd Frank Morris:
Batting: SHB Wendell Palmer 0-0: Ball
1-0: Foul Ball, location: 2F
1-1: DOUBLE (Flyball, 89D, EV 99.4 MPH)
Frank Morris scores
Batting: RHB Koryusai Maejima 0-0: Ball
1-0: SINGLE (Groundball, 56D, EV 98.1 MPH)
Wendell Palmer to third
Batting: RHB Allan Callejo 0-0: Foul Ball, location: 2F
0-1: Foul Ball, location: 2F
0-2: Ball
1-2: DOUBLE (Flyball, 8RXD, EV 108.1 MPH)
Wendell Palmer scores
Koryusai Maejima to third
Batting: LHB Mark Mears 0-0: Called Strike
0-1: Ball
1-1: Ball
2-1: Called Strike
2-2: Strikes out swinging
Batting: RHB Ivano Pohvisnev 0-0: Ball
1-0: Foul Ball, location: 2F
1-1: Ball
2-1: Foul Ball, location: 2F
2-2: Foul Ball, location: 2F
2-2: SINGLE (Groundball, 4D, EV 102.5 MPH)
Koryusai Maejima scores
Allan Callejo to third
Runner from 3rd tries for Home, SAFE, no throw by CF
Batting: RHB José Portiz 0-0: Ball
1-0: Foul Ball, location: 2F
1-1: Foul Ball, location: 2F
1-2: Foul Ball, location: 2F
1-2: Ball
2-2: Ball
3-2: Base on Balls
Ivano Pohvisnev to second
Batting: RHB Joe Frank 0-0: Foul Ball, location: 2F
0-1: Ball
1-1: Called Strike
1-2: Ball
2-2: SINGLE (Groundball, 56S, EV 65.0 MPH) (infield hit)
Ivano Pohvisnev to third
José Portiz to second
Batting: RHB John Alexander 0-0: Ball
1-0: Called Strike
1-1: Ball
2-1: Swinging Strike
2-2: Strikes out swinging
Batting: LHB Frank Morris 0-0: Ball
1-0: Called Strike
1-1: Fly out, F7 (Line Drive, 7, EV 93.1 MPH)
Top of the 1st over - 4 runs, 6 hits, 0 errors, 3 left on base; Asheville 4 - Billings 0
BOTTOM OF THE 1ST
Billings Polar Bears batting - Pitching for Asheville Highlanders : RHP Geoffrey Washington
Pitching: RHP Geoffrey Washington
Now in RF: Frank Morris
Batting: RHB Edward Johnson 0-0: DOUBLE (Line Drive, 9LS, EV 97.5 MPH)
Batting: RHB Shalom Gestel 0-0: Ball
1-0: Called Strike
1-1: Ball
2-1: Ball
3-1: Base on Balls
Batting: RHB Gary Panniers 0-0: Ball
1-0: SINGLE (Line Drive, 9LS, EV 105.0 MPH)
Edward Johnson to third
Shalom Gestel to second
Runner from 3rd tries for Home, SAFE, throw by RF to home
Batting: RHB Rupert Bethune 0-0: Called Strike
0-1: Hit by Pitch
Shalom Gestel to third
Gary Panniers to second
Batting: RHB Jose Reginalde 0-0: Ball
1-0: Ball
2-0: Called Strike
2-1: Fly out, F7 (Flyball, 7LM, EV 93.1 MPH)
Runner from 3rd tags up, SCORES, throw by LF
Batting: LHB Stanley Bell 0-0: Foul Ball, location: 2F
0-1: Foul Ball, location: 2F
0-2: Ball
1-2: Fly out, F7 (Line Drive, 7D, EV 97.5 MPH)
Batting: RHB Pleun Vleugel 0-0: Called Strike
0-1: Foul Ball, location: 2F
0-2: DOUBLE (Line Drive, 9LS, EV 106.2 MPH)
Gary Panniers scores
Rupert Bethune to third
Batting: SHB Roy Maynard 0-0: Hit by Pitch
Batting: RHB Kelly Johnson 0-0: Ball
1-0: Ball
2-0: Ball
3-0: Base on Balls
Rupert Bethune scores
Pleun Vleugel to third
Roy Maynard to second
Batting: RHB Edward Johnson 0-0: Swinging Strike
0-1: Ball
1-1: DOUBLE (Line Drive, 78XD, EV 101.9 MPH)
Pleun Vleugel scores
Roy Maynard scores
Kelly Johnson to third
Runner from 3rd tries for Home, SAFE, throw by LF to home
Pitching: RHP Hyosuke Matsui
Batting: RHB Shalom Gestel 0-0: Ball
1-0: Fly out, F8 (Flyball, 8LS, EV 78.8 MPH)
Bottom of the 1st over - 7 runs, 4 hits, 0 errors, 1 left on base; Asheville 4 - Billings 7
TOP OF THE 2ND
Asheville Highlanders batting - Pitching for Billings Polar Bears : RHP Peter Kossan
Batting: SHB Wendell Palmer 0-0: Ball
1-0: Ground out 3-1 (Groundball, 34S, EV 61.9 MPH)
Batting: RHB Koryusai Maejima 0-0: Ball
1-0: Fly out, F8 (Flyball, 8LXD, EV 85.0 MPH)
Batting: RHB Allan Callejo 0-0: Ball
1-0: Ball
2-0: SINGLE (Groundball, 56D, EV 97.5 MPH)
Batting: LHB Mark Mears 0-0: Ball
1-0: Ball
2-0: Ball
3-0: Called Strike
3-1: Swinging Strike
3-2: Fly out, F8 (Flyball, 8RS, EV 81.9 MPH)
Top of the 2nd over - 0 runs, 1 hit, 0 errors, 1 left on base; Asheville 4 - Billings 7
BOTTOM OF THE 2ND
Billings Polar Bears batting - Pitching for Asheville Highlanders : RHP Hyosuke Matsui
Batting: RHB Gary Panniers 0-0: Called Strike
0-1: Called Strike
0-2: Foul Ball, location: 2F
0-2: Ball
1-2: Ball
2-2: Foul Ball, location: 2F
2-2: Ball
3-2: Foul Ball, location: 2F
3-2: SINGLE (Line Drive, 7S, EV 103.1 MPH)
Batting: RHB Rupert Bethune 0-0: Called Strike
0-1: Foul Ball, location: 2F
0-2: Strikes out swinging
Batting: RHB Jose Reginalde 0-0: Called Strike
0-1: SINGLE (Flyball, 9S, EV 81.9 MPH)
Gary Panniers to second
Batting: LHB Stanley Bell 0-0: Reached on error, E1 (Groundball, 34S, EV 88.1 MPH)
Gary Panniers to third
Jose Reginalde to second
Batting: RHB Pleun Vleugel 0-0: Grounds into double play, 6-4-3 (Groundball, 6, EV 85.0 MPH)
Bottom of the 2nd over - 0 runs, 2 hits, 1 error, 2 left on base; Asheville 4 - Billings 7
TOP OF THE 3RD
Asheville Highlanders batting - Pitching for Billings Polar Bears : RHP Peter Kossan
Batting: RHB Ivano Pohvisnev 0-0: Swinging Strike
0-1: Ball
1-1: Called Strike
1-2: Ball
2-2: Fly out, F7 (Flyball, 78XD, EV 103.1 MPH)
Batting: RHB José Portiz 0-0: Called Strike
0-1: Foul Ball, location: 2F
0-2: SINGLE (Groundball, 6MD, EV 110.0 MPH)
Batting: RHB Joe Frank 0-0: Called Strike
0-1: Ball
1-1: Fielders Choice at 2nd, 4-6 (Groundball, 4, EV 89.4 MPH)
Batting: RHB John Alexander 0-0: SINGLE (Groundball, 56D, EV 97.5 MPH)
Joe Frank to second
Batting: LHB Frank Morris 0-0: Ball
1-0: Ball
2-0: Called Strike
2-1: Ball
3-1: SINGLE (Groundball, 6MD, EV 107.5 MPH)
Joe Frank to third
John Alexander to second
Runner from 3rd tries for Home, SAFE, throw by CF to home
Batting: SHB Wendell Palmer 0-0: Ball
1-0: Fly out, F4 (Line Drive, 4, EV 73.8 MPH)
Top of the 3rd over - 1 run, 3 hits, 0 errors, 2 left on base; Asheville 5 - Billings 7
BOTTOM OF THE 3RD
Billings Polar Bears batting - Pitching for Asheville Highlanders : RHP Hyosuke Matsui
Batting: SHB Roy Maynard 0-0: Called Strike
0-1: Swinging Strike
0-2: Hit by Pitch
Batting: RHB Kelly Johnson 0-0: Foul Ball, location: 2F
0-1: Foul Ball, location: 2F
0-2: Foul Ball, location: 2F
0-2: Ball
1-2: Foul Ball, location: 2F
1-2: Foul Ball, location: 2F
1-2: Grounds into double play, 6-4-3 (Groundball, 6, EV 76.9 MPH)
Batting: RHB Edward Johnson 0-0: Ground out 4-3 (Groundball, 4M, EV 108.1 MPH)
Bottom of the 3rd over - 0 runs, 0 hits, 0 errors, 0 left on base; Asheville 5 - Billings 7
TOP OF THE 4TH
Asheville Highlanders batting - Pitching for Billings Polar Bears : RHP Peter Kossan
Batting: RHB Koryusai Maejima 0-0: Ground out 6-3 (Groundball, 6, EV 87.5 MPH)
Batting: RHB Allan Callejo 0-0: Ball
1-0: Swinging Strike
1-1: Ball
2-1: Ground out 4-3 (Groundball, 4, EV 85.0 MPH)
Batting: LHB Mark Mears 0-0: Called Strike
0-1: Foul Ball, location: 2F
0-2: Fly out, F6 (Popup, 6S, EV 77.5 MPH)
Top of the 4th over - 0 runs, 0 hits, 0 errors, 0 left on base; Asheville 5 - Billings 7
BOTTOM OF THE 4TH
Billings Polar Bears batting - Pitching for Asheville Highlanders : RHP Hyosuke Matsui
Batting: RHB Shalom Gestel 0-0: Called Strike
0-1: Ball
1-1: Ground out 6-3 (Groundball, 56, EV 106.9 MPH)
Batting: RHB Gary Panniers 0-0: Called Strike
0-1: Ball
1-1: Ball
2-1: Foul Ball, location: 2F
2-2: Strikes out swinging
Batting: RHB Rupert Bethune 0-0: Called Strike
0-1: Called Strike
0-2: Ball
1-2: Strikes out swinging
Bottom of the 4th over - 0 runs, 0 hits, 0 errors, 0 left on base; Asheville 5 - Billings 7
TOP OF THE 5TH
Asheville Highlanders batting - Pitching for Billings Polar Bears : RHP Peter Kossan
Pitching: RHP António Gallegos
Batting: RHB Ivano Pohvisnev 0-0: Ball
1-0: Foul Ball, location: 2F
1-1: Ball
2-1: Foul Ball, location: 2F
2-2: Ball
3-2: Ground out 1-3 (Groundball, 25, EV 70.0 MPH)
Batting: RHB José Portiz 0-0: Ball
1-0: Swinging Strike
1-1: Foul Ball, location: 2F
1-2: Fly out, F2 (Popup, 15S, EV 90.0 MPH)
Batting: RHB Joe Frank 0-0: Swinging Strike
0-1: DOUBLE (Line Drive, 9LM, EV 105.6 MPH)
Batting: RHB John Alexander 0-0: Ball
1-0: Called Strike
1-1: Swinging Strike
1-2: Strikes out swinging
Top of the 5th over - 0 runs, 1 hit, 0 errors, 1 left on base; Asheville 5 - Billings 7
BOTTOM OF THE 5TH
Billings Polar Bears batting - Pitching for Asheville Highlanders : RHP Hyosuke Matsui
Batting: RHB Jose Reginalde 0-0: Called Strike
0-1: Ball
1-1: Ball
2-1: Ball
3-1: SINGLE (Groundball, 56, EV 78.1 MPH) (infield hit)
Batting: LHB Stanley Bell 0-0: Sac Bunt to 15 - play at first, batter OUT! 1-3
Jose Reginalde to second
Batting: RHB Pleun Vleugel 0-0: Ball
1-0: Ball
2-0: Ball
3-0: Swinging Strike
3-1: Base on Balls
Batting: SHB Roy Maynard 0-0: Ball
1-0: Ball
2-0: Called Strike
2-1: Ball
3-1: Foul Ball, location: 2F
3-2: Foul Ball, location: 2F
3-2: Fielders Choice at 2nd, 4-6 (Groundball, 4S, EV 86.2 MPH)
Jose Reginalde to third
Batting: RHB Kelly Johnson 0-0: Ball
1-0: Ball
2-0: Foul Ball, location: 2F
2-1: Called Strike
2-2: Foul Ball, location: 2F
2-2: Ball
3-2: SINGLE (Line Drive, 8LS, EV 89.4 MPH)
Jose Reginalde scores
Roy Maynard to second
Roy Maynard to third
Batting: RHB Edward Johnson 0-0: Ball
1-0: Called Strike
1-1: Swinging Strike
1-2: Strikes out swinging
Bottom of the 5th over - 1 run, 2 hits, 0 errors, 2 left on base; Asheville 5 - Billings 8
TOP OF THE 6TH
Asheville Highlanders batting - Pitching for Billings Polar Bears : RHP António Gallegos
Batting: LHB Frank Morris 0-0: Swinging Strike
0-1: Ball
1-1: Swinging Strike
1-2: Strikes out swinging
Batting: SHB Wendell Palmer 0-0: Called Strike
0-1: Ball
1-1: Swinging Strike
1-2: SINGLE (Groundball, 6D, EV 110.6 MPH)
Batting: RHB Koryusai Maejima 0-0: Ball
1-0: Called Strike
1-1: Ball
2-1: Ball
3-1: SINGLE (Line Drive, 9LS, EV 103.1 MPH)
Wendell Palmer to second
Batting: RHB Allan Callejo 0-0: Foul Ball, location: 2F
0-1: Foul Ball, location: 2F
0-2: SINGLE (Flyball, 9LS, EV 85.6 MPH)
Wendell Palmer to third
Koryusai Maejima to second
Runner from 3rd tries for Home, SAFE, throw by RF to home
Pitching: RHP Dan Webster
Batting: LHB Mark Mears 0-0: Ball
1-0: Called Strike
1-1: SINGLE (Groundball, 6MD, EV 94.4 MPH)
Koryusai Maejima to third
Allan Callejo to second
Runner from 3rd tries for Home, SAFE, throw by CF to home
Batting: RHB Ivano Pohvisnev 0-0: Ball
1-0: Called Strike
1-1: Ball
2-1: Called Strike
2-2: Ball
3-2: Foul Ball, location: 2F
3-2: Strikes out swinging
Batting: RHB José Portiz 0-0: Ground out 5-3 (Groundball, 56S, EV 85.6 MPH)
Top of the 6th over - 2 runs, 4 hits, 0 errors, 2 left on base; Asheville 7 - Billings 8
BOTTOM OF THE 6TH
Billings Polar Bears batting - Pitching for Asheville Highlanders : RHP Hyosuke Matsui
Batting: RHB Shalom Gestel 0-0: Foul Ball, location: 2F
0-1: Foul Ball, location: 2F
0-2: Ball
1-2: SINGLE (Groundball, 4D, EV 106.9 MPH)
Pitching: RHP Said Akimi
Batting: RHB Gary Panniers 0-0: Called Strike
0-1: Foul Ball, location: 2F
0-2: Ball
Wild Pitch!
Shalom Gestel to second
1-2: Strikes out swinging
Batting: RHB Rupert Bethune 0-0: Ball
1-0: Swinging Strike
1-1: Called Strike
1-2: Strikes out swinging
Batting: RHB Jose Reginalde 0-0: Ball
1-0: Called Strike
1-1: Swinging Strike
1-2: Strikes out looking
Bottom of the 6th over - 0 runs, 1 hit, 0 errors, 1 left on base; Asheville 7 - Billings 8
TOP OF THE 7TH
Asheville Highlanders batting - Pitching for Billings Polar Bears : RHP Dan Webster
Batting: RHB Joe Frank 0-0: Foul Ball, location: 2F
0-1: Ball
1-1: Called Strike
1-2: Strikes out swinging
Batting: RHB John Alexander 0-0: Ball
1-0: Ball
2-0: Ball
3-0: Called Strike
3-1: Base on Balls
Batting: LHB Frank Morris 0-0: Ball
1-0: Foul Ball, location: 2F
1-1: SINGLE (Line Drive, 6, EV 96.9 MPH)
John Alexander to second
Batting: SHB Wendell Palmer 0-0: Called Strike
0-1: Ball
1-1: Foul Ball, location: 2F
1-2: Foul Ball, location: 2F
1-2: Fly out, F4 (Line Drive, 4, EV 67.5 MPH)
Batting: RHB Koryusai Maejima 0-0: Called Strike
0-1: SINGLE (Groundball, 56D, EV 108.8 MPH)
John Alexander to third
Frank Morris to second
Runner from 3rd tries for Home, SAFE, no throw by LF
Batting: RHB Allan Callejo 0-0: Fly out, F8 (Line Drive, 8RM, EV 95.6 MPH)
Top of the 7th over - 1 run, 2 hits, 0 errors, 2 left on base; Asheville 8 - Billings 8
BOTTOM OF THE 7TH
Billings Polar Bears batting - Pitching for Asheville Highlanders : RHP Said Akimi
Batting: LHB Stanley Bell 0-0: Called Strike
0-1: Foul Ball, location: 2F
0-2: Ball
1-2: Ball
2-2: Foul Ball, location: 2F
2-2: Foul Ball, location: 2F
2-2: SINGLE (Groundball, 6D, EV 94.4 MPH)
Batting: RHB Pleun Vleugel 0-0: Bunted foul
0-1: Bunted foul
0-2: Ball
1-2: Ball
2-2: Ball
3-2: Fly out, F9 (Flyball, 9, EV 86.2 MPH)
Batting: SHB Roy Maynard 0-0: Called Strike
0-1: Called Strike
0-2: Strikes out swinging
Batting: RHB Kelly Johnson 0-0: Called Strike
0-1: Ball
1-1: Ball
2-1: Called Strike
2-2: Ball
3-2: Base on Balls
Stanley Bell to second
Batting: RHB Edward Johnson 0-0: Ball
1-0: Called Strike
1-1: Called Strike
1-2: Strikes out swinging
Bottom of the 7th over - 0 runs, 1 hit, 0 errors, 2 left on base; Asheville 8 - Billings 8
TOP OF THE 8TH
Asheville Highlanders batting - Pitching for Billings Polar Bears : RHP Dan Webster
Batting: LHB Mark Mears 0-0: Called Strike
0-1: Ball
1-1: Called Strike
1-2: Ball
2-2: Ball
3-2: Ground out 4-3 (Groundball, 4, EV 86.2 MPH)
Batting: RHB Ivano Pohvisnev 0-0: Swinging Strike
0-1: Ball
1-1: Ball
2-1: Ball
3-1: Foul Ball, location: 2F
3-2: Ground out 3-1 (Groundball, 34, EV 108.8 MPH)
Batting: RHB José Portiz 0-0: Ball
1-0: Ground out 5-3 (Groundball, 56, EV 97.5 MPH)
Top of the 8th over - 0 runs, 0 hits, 0 errors, 0 left on base; Asheville 8 - Billings 8
BOTTOM OF THE 8TH
Billings Polar Bears batting - Pitching for Asheville Highlanders : RHP Said Akimi
Batting: RHB Shalom Gestel 0-0: Called Strike
0-1: Fly out, F2 (Popup, 3SF, EV 87.5 MPH)
Batting: RHB Gary Panniers 0-0: Foul Ball, location: 2F
0-1: Called Strike
0-2: Ball
1-2: Strikes out swinging
Batting: RHB Rupert Bethune 0-0: Ball
1-0: SINGLE (Groundball, 6M, EV 98.1 MPH) (infield hit)
Batting: RHB Jose Reginalde 0-0: Foul Ball, location: 2F
0-1: Ball
1-1: Called Strike
1-2: Strikes out swinging
Bottom of the 8th over - 0 runs, 1 hit, 0 errors, 1 left on base; Asheville 8 - Billings 8
TOP OF THE 9TH
Asheville Highlanders batting - Pitching for Billings Polar Bears : RHP Dan Webster
Batting: RHB Joe Frank 0-0: Called Strike
0-1: Ball
1-1: Fly out, F3 (Popup, 23F, EV 95.0 MPH)
Pinch Hitting: RHB Dusan Kontic 0-0: Ball
1-0: Ball
2-0: Ball
3-0: Base on Balls
Pitching: LHP Arturo Cuellar
Batting: LHB Frank Morris 0-0: Swinging Strike
0-1: Called Strike
0-2: Ball
1-2: Strikes out looking
Batting: SHB Wendell Palmer 0-0: Ball
1-0: Fly out, F9 (Flyball, 9S, EV 90.6 MPH)
Top of the 9th over - 0 runs, 0 hits, 0 errors, 1 left on base; Asheville 8 - Billings 8
BOTTOM OF THE 9TH
Billings Polar Bears batting - Pitching for Asheville Highlanders : RHP Said Akimi
Pitching: RHP Jason Cannon
Now at C: Dan Olson
Batting: LHB Stanley Bell 0-0: Called Strike
0-1: Ball
1-1: Called Strike
1-2: Ball
2-2: Ball
3-2: SINGLE (Line Drive, 6MD, EV 101.9 MPH)
Batting: RHB Pleun Vleugel 0-0: Ball
1-0: Sac Bunt to 3S - play at first, batter OUT! 3-1
Stanley Bell to second
Batting: SHB Roy Maynard 0-0: Called Strike
0-1: Foul Ball, location: 2F
0-2: Foul Ball, location: 2F
0-2: SINGLE (Groundball, 4, EV 93.8 MPH) (infield hit)
Stanley Bell to third
Batting: RHB Kelly Johnson 0-0: Called Strike
0-1: Foul Ball, location: 2F
0-2: Fielders Choice at home, 6-2 (Groundball, 6, EV 101.2 MPH)
Roy Maynard to second
Batting: RHB Edward Johnson 0-0: Called Strike
0-1: Ball
1-1: Ball
2-1: Ground out U3 (Groundball, 3S, EV 86.2 MPH)
Bottom of the 9th over - 0 runs, 2 hits, 0 errors, 2 left on base; Asheville 8 - Billings 8
TOP OF THE 10TH
Asheville Highlanders batting - Pitching for Billings Polar Bears : LHP Arturo Cuellar
Batting: RHB Koryusai Maejima 0-0: Ball
1-0: Fly out, F9 (Flyball, 9S, EV 81.2 MPH)
Batting: RHB Allan Callejo 0-0: Ball
1-0: Ball
2-0: Called Strike
2-1: Ball
3-1: Base on Balls
Pinch Hitting: RHB Tony Castellanos 0-0: Ball
1-0: DOUBLE (Line Drive, 3D, EV 98.1 MPH)
Allan Callejo to third
Runner from 3rd tries for Home, SAFE, throw by RF to trailing runner, SAFE at third!
Batting: RHB Ivano Pohvisnev 0-0: Fly out, F7 (Flyball, 7LS, EV 88.8 MPH)
Runner from 3rd tags up, SCORES, throw by LF
Batting: RHB José Portiz 0-0: Ball
1-0: Ball
2-0: Ball
3-0: Base on Balls
Batting: RHB Joe Frank 0-0: Called Strike
0-1: Swinging Strike
0-2: Ball
1-2: Foul Ball, location: 2F
1-2: Foul Ball, location: 2F
1-2: Ball
2-2: Strikes out swinging
Top of the 10th over - 2 runs, 1 hit, 0 errors, 1 left on base; Asheville 10 - Billings 8
BOTTOM OF THE 10TH
Billings Polar Bears batting - Pitching for Asheville Highlanders : RHP Jason Cannon
Now at 3B: Tony Castellanos
Batting: RHB Shalom Gestel 0-0: Ball
1-0: Ball
2-0: Ball
3-0: Called Strike
3-1: Fly out, F8 (Line Drive, 8RD, EV 100.6 MPH)
Batting: RHB Gary Panniers 0-0: Ball
1-0: Foul Ball, location: 2F
1-1: Ball
2-1: Ground out 6-3 (Groundball, 56, EV 85.0 MPH)
Batting: RHB Rupert Bethune 0-0: Ball
1-0: Ground out 6-3 (Groundball, 6M, EV 83.8 MPH)
Bottom of the 10th over - 0 runs, 0 hits, 0 errors, 0 left on base; Asheville 10 - Billings 8
Friday, March 26th, 2021 - OOTP Baseball 20.8 Build 74